 Dungeon Crawl Stone Soup version 0.30-b1-2-g02819fbbbe (webtiles) character file.

Game seed: 5575577657310373700

(classic levelgen) 46 EnegeticOcto the Trooper (level 3, -5/33 HPs)
             Began as a Minotaur Fighter on May 9, 2023.
             Slain by an ogre
             ... wielding a +0 giant spiked club
              (8 damage)
             ... on level 2 of the Dungeon.
             The game lasted 00:00:31 (931 turns).

EnegeticOcto the Trooper (Minotaur Fighter)          Turns: 931, Time: 00:00:32

Health: -5/33      AC:  8    Str: 22    XL:     3   Next: 44%
Magic:  2/2        EV:  9    Int:  5    God:
Gold:   70         SH:  4    Dex:  9    Spells: 2/2 levels left

rFire   . . .        a - +0 war axe
rCold   . . .        c - +0 buckler
rNeg    . . .        b - +0 scale mail
rPois   .            (helmet restricted)
rElec   .            (no cloak)
rCorr   .            f - +0 pair of gloves
SInv    .            (no boots)
Will    .....        (no amulet) Stlth
                     (no ring)
HPRegen 0.25/turn    (no ring)
MPRegen 0.08/turn

%: no passive effects
@: no status effects
A: horns 2, retaliatory headbutt
a: no special abilities


You were on level 2 of the Dungeon.
You visited 1 branch of the dungeon, and saw 2 of its levels.

You collected 70 gold pieces.

Inventory:

Hand Weapons
 a - a +0 war axe (weapon)
Armour
 b - a +0 scale mail (worn)
 c - a +0 buckler (worn)
 f - a +0 pair of gloves (worn)
   (You found it on level 1 of the Dungeon)
Jewellery
 h - a ring of resist corrosion
   (You found it on level 1 of the Dungeon)
Scrolls
 g - 2 scrolls of enchant weapon {unknown}
 j - a scroll of vulnerability {unknown}
 l - a scroll of enchant armour {unknown}
 m - a scroll of magic mapping {unknown}
 n - a scroll of noise {unknown}
Potions
 d - a potion of might {@q3}
 e - 2 potions of mutation {unknown}
 i - a potion of attraction {unknown}
 k - 2 potions of invisibility {unknown}


   Skills:
 + Level 4.1 Fighting
 * Level 3.5 Axes
 + Level 4.0 Armour
 + Level 4.0 Shields


You had 2 spell levels left.
You didn't know any spells.
Your spell library was empty.

Dungeon Overview and Level Annotations

Branches:
Dungeon (2/15)

Altars:


Innate Abilities, Weirdness & Mutations

You have a pair of horns on your head.
You reflexively headbutt those who attack you in melee.


Message History

No target in view!
No target in view!
No target in view!
No target in view!
You see here a +0 club.
Found a stone staircase leading up.
Found a whip.
Found a stone.
You now have 70 gold pieces (gained 7).
You see here a stone.
A hobgoblin comes into view.
The hobgoblin shouts!
A giant cockroach comes into view.
A bat comes into view.
The bat moves out of view.
You block the hobgoblin's attack.
A goblin comes into view. It is wielding a +0 club.
The goblin shouts!
You slash the hobgoblin!
You kill the hobgoblin!
You hear an angry hiss.
The giant cockroach barely misses you.
You closely miss the giant cockroach. The giant cockroach closely misses you.
You slash the giant cockroach!
You kill the giant cockroach!
Found a short sword.
You see here a hobgoblin corpse.
There are monsters nearby!
There are monsters nearby!
There are monsters nearby!
You slash the goblin!
You kill the goblin!
You block the bat's attack.
A frilled lizard comes into view.
The bat hits you.
The frilled lizard hisses angrily.
You hit the bat.
You kill the bat!
No target in view!
No target in view!
No target in view!
No target in view!
No target in view!
No target in view!
No target in view!
A frilled lizard is nearby!
A frilled lizard is nearby!
A frilled lizard is nearby!
You closely miss the frilled lizard. The frilled lizard barely misses you.
You miss the frilled lizard.
Your headbutt misses the frilled lizard.
The frilled lizard bites you but does no damage.
You slash the frilled lizard!
You kill the frilled lizard!
No target in view!
No target in view!
No target in view!
Found a stone staircase leading up.
Found a stone staircase leading down.
You see here the +3 dagger of Kismet {drain, Drain rF+ rC+}.
n - a scroll labelled JOPITI SYTZEGG A hobgoblin comes into view.
The hobgoblin shouts!
A hobgoblin is nearby!
Found a chain mail.
The hobgoblin hits you but does no damage.
You hit the hobgoblin. Your headbutt misses the hobgoblin.
The hobgoblin is heavily wounded.
The hobgoblin closely misses you.
You slash the hobgoblin!
You kill the hobgoblin!
No target in view!
No target in view!
No target in view!
No target in view!
An ogre comes into view. It is wielding a +0 giant spiked club.
The ogre shouts!
An ogre is nearby!
An ogre is nearby!
A giant cockroach comes into view.
You hit the ogre.
The ogre is moderately wounded.
The ogre hits you with a +0 giant spiked club!!
Ouch! That really hurt!
* * * LOW HITPOINT WARNING * * *
You are too injured to fight recklessly!
You are too injured to fight recklessly!
You are too injured to fight recklessly!
You are too injured to fight recklessly!
You are too injured to fight recklessly!
You are too injured to fight recklessly!
You are too injured to fight recklessly!
You are too injured to fight recklessly!
You are too injured to fight recklessly!
You are too injured to fight recklessly!
You are too injured to fight recklessly!
You hit the ogre.
The ogre is heavily wounded.
The ogre hits you with a +0 giant spiked club!
You die...

#.## # .# . ..## #..
....... ....
##..B........ ...#.
............ ....###.#.
#........... #.......#.
...B....... ...#...##.
#........[. .#...#.##.#
#O#........ .......##.#
#.@.....#
..>.##..#.#######...#.#
.#...##.......##....#..#
#........................
#..........##....#.....#.
#..........##..........#
#....).....###...#.....#
#..........# ###########
############


You could see an ogre and a giant cockroach.

Vanquished Creatures
  A gnoll (D:1)
  3 bats
  3 endoplasms (D:1)
  3 giant cockroaches
  4 goblins
  6 hobgoblins
  3 jackals (D:1)
  2 quokkas (D:1)
  A frilled lizard (D:2)
  5 kobolds
  A rat (D:1)
32 creatures vanquished.

Notes
Turn   | Place    | Note
-------+----------+-------------------------------------------
     0 | D:1      | EnegeticOcto the Minotaur Fighter began the quest for the
                  | Orb.
     0 | D:1      | Reached XP level 1. HP: 19/19 MP: 0/0
    59 | D:1      | Found a faded altar of an unknown god.
   101 | D:1      | Reached XP level 2. HP: 23/27 MP: 1/1
   298 | D:1      | Reached XP level 3. HP: 32/33 MP: 2/2
   908 | D:2      | Identified the +3 dagger of Kismet {drain, Drain rF+ rC+}
   927 | D:2      | Noticed an ogre
   931 | D:2      | Slain by an ogre

Illustrated notes

Levels and vault maps discovered:
D:1:      spicycebolla_green_bress_n_ham_2, layout_loops_ring,
          hellmonk_ecumenical_altar_heavens_door
D:2:      layout_rooms

Skill      XL: |  1  2  3 |
---------------+----------+-----
Axes           | 3 |  3.5
Armour         | 4 |  4.0
Fighting       | 4 |  4.1
Shields        | 4 |  4.0

Action                     || total
---------------------------++-------
  Melee: War axe           ||    59
         Headbutt          ||     3
 Armour: Scale mail        ||    23
  Dodge: Dodged            ||    20
  Block: Buckler           ||     9
